 Dungeon Crawl Stone Soup version 0.21.1-72-gffa868e (webtiles) character file.

389 taaruk the Skirmisher (level 6, -6/56 HPs)
             Began as a Minotaur Berserker on Aug 5, 2018.
             Was a Priest of Trog.
             Mangled by an ogre
             ... wielding a +0 giant spiked club
              (27 damage)
             ... on level 4 of the Dungeon.
             The game lasted 00:22:53 (2957 turns).

taaruk the Skirmisher (Minotaur Berserker)          Turns: 2957, Time: 00:22:53

Health: -6/56      AC:  7    Str: 23    XL:     6   Next: 50%
Magic:  5/5        EV: 12    Int:  4    God:    Trog [***...]
Gold:   154        SH:  0    Dex: 10    Spells: 5/5 levels left

rFire    . . .     SeeInvis .   H - +0 flail
rCold    . . .     Gourm    +   (no shield)
rNeg     . . .     Faith    .   e - +0 ring mail
rPois    .         Spirit   .   (helmet restricted)
rElec    .         Reflect  .   (no cloak)
rCorr    .         Harm     .   (no gloves)
MR       .....                  u - +0 pair of boots
Stlth    ..........             s - amulet of the gourmand
HPRegen  0.18/turn              (no ring)
MPRegen  0.09/turn              (no ring)

@: no status effects
A: retaliatory headbutt, horns 2
a: Berserk, Trog's Hand, Burn Spellbooks, Renounce Religion


You were on level 4 of the Dungeon.
You worshipped Trog.
Trog was most pleased with you.
You were full.

You visited 1 branch of the dungeon, and saw 4 of its levels.

You collected 154 gold pieces.

Inventory:

Hand Weapons
 a - a +0 hand axe
 b - a +0 spear
 f - a +0 club
 n - a +0 whip
 o - a +0 blowgun
 v - a +0 arbalest
 x - a +0 mace
 B - a +0 great sword
 D - a cursed -3 club
 H - a +0 flail (weapon)
 L - a +0 scythe
 M - the +10 hand axe "Genepn" {drain, rElec MR+ Dex+4, unknown}
   (You found it on level 4 of the Dungeon)

   A truly terrible weapon, it drains the life of those it strikes.
   It affects your dexterity (+4).
   It insulates you from electricity.
   It affects your resistance to hostile enchantments.
Missiles
 g - 67 sling bullets
 h - 81 bolts
 j - 5 tomahawks (quivered)
 p - 26 poisoned needles
Armour
 e - a +0 ring mail (worn)
 u - a +0 pair of boots (worn)
Jewellery
 s - an amulet of the gourmand (around neck)
Wands
 w - a wand of random effects (29)
 I - a wand of digging (13)
 J - a wand of disintegration (16)
Scrolls
 d - 8 scrolls of identify
 k - a scroll of remove curse
 l - 4 scrolls of teleportation {unknown}
 q - 4 scrolls of amnesia {unknown}
 r - a scroll of enchant armour {unknown}
 y - 2 scrolls of blinking {unknown}
 A - a scroll of enchant weapon {unknown}
Potions
 i - 2 potions of agility {unknown}
 m - a potion of brilliance {unknown}
 t - a potion of invisibility {unknown}
 z - a potion of mutation {unknown}
 C - a potion of curing {unknown}
 E - a potion of heal wounds {unknown}
 F - a potion of flight {unknown}
 K - a potion of haste {unknown}
Comestibles
 c - 4 rations
 G - 33 chunks of flesh


   Skills:
 + Level 5.0 Fighting
 + Level 4.9(5.4) Axes
 + Level 3.2(4.6) Maces & Flails
 + Level 4.8 Armour
 + Level 3.6 Dodging


You had 5 spell levels left.
You didn't know any spells.

Dungeon Overview and Level Annotations

Branches:
Dungeon (4/15)
 Temple: D:4-7

Altars:
Gozag
Kikubaaqudgha
Nemelex Xobeh
Okawaru
Ru
Vehumet
Zin
The Shining One


Innate Abilities, Weirdness & Mutations

You reflexively headbutt those who attack you in melee.
You have a pair of horns on your head.


Message History

You kill the quokka!
Trog accepts your kill.
Some of the chunks of flesh in your inventory have rotted away.
d - 8 scrolls of identify (gained 1)
A leopard gecko and an ogre come into view.
The leopard gecko hisses angrily.
The leopard gecko moves out of view.
The leopard gecko closely misses you.
You thump the leopard gecko!
You kill the leopard gecko!
Trog accepts your kill.
Your Fighting skill increases to level 5!
The ogre barely misses you.
You thump the ogre!
The ogre is moderately wounded.
The ogre hits you with a giant spiked club!
You thump the ogre! You headbutt the ogre.
The ogre is almost dead.
The ogre hits you with a giant spiked club!!
You die...

#....#.# #....#.# ##.
######.# #.. #.## ...
#..# ##.# ######.# ..##
#(.....# #.. # #.....##
##O##.#
###....###.##.@.#.####
##..)..##......_......#
##..#..<##.##.#...##.#.#
#..####.# .##.##.## #
#.### #.#..##....###(#
....###.#..#####.....#...
.....##....#####.#####...
.........................
........#................


You could see an ogre.

Vanquished Creatures
  Sigmund (D:4)
  An orc wizard (D:4)
  2 iguanas (D:4)
  4 adders
  A worm (D:3)
  5 dart slugs
  A leopard gecko (D:4)
  8 orcs (D:4)
  8 bats
  3 giant cockroaches
  12 goblins
  13 hobgoblins
  7 jackals (D:1)
  9 kobolds
  4 quokkas
  A ball python (D:1)
  5 frilled lizards
  A leopard gecko skeleton (D:4)
  6 rats
92 creatures vanquished.

Notes
Turn   | Place    | Note
-------+----------+-------------------------------------------
     0 | D:1      | taaruk the Minotaur Berserker began the quest for the Orb.
     0 | D:1      | Reached XP level 1. HP: 19/19 MP: 0/0
    34 | D:1      | Reached XP level 2. HP: 18/27 MP: 1/1
    38 | D:1      | Reached skill level 4 in Fighting
   459 | D:1      | Reached XP level 3. HP: 33/33 MP: 2/2
   482 | D:1      | Reached ** piety under Trog
  1069 | D:2      | Found a sparkling altar of Nemelex Xobeh.
  1069 | D:2      | Found an opulent altar of Gozag.
  1146 | D:2      | Found a glowing silver altar of Zin.
  1201 | D:2      | Found an iron altar of Okawaru.
  1251 | D:2      | Reached XP level 4. HP: 41/41 MP: 3/3
  1424 | D:2      | Found a sacrificial altar of Ru.
  2183 | D:3      | Found a glowing golden altar of the Shining One.
  2183 | D:3      | Found an ancient bone altar of Kikubaaqudgha.
  2761 | D:4      | Reached *** piety under Trog
  2761 | D:4      | Reached skill level 1 in Maces & Flails
  2761 | D:4      | Reached XP level 5. HP: 47/47 MP: 4/4
  2885 | D:4      | Noticed Sigmund
  2897 | D:4      | Killed Sigmund
  2897 | D:4      | Reached XP level 6. HP: 51/55 MP: 5/5
  2936 | D:4      | Found a radiant altar of Vehumet.
  2937 | D:4      | Got a transparent hand axe
  2953 | D:4      | Reached skill level 5 in Fighting
  2957 | D:4      | Mangled by an ogre

Skill      XL: |  1  2  3  4  5  6 |
---------------+-------------------+-----
Axes           | 4 |  4.9
Fighting       | 4 5 |  5.0
Dodging        | 3 |  3.6
Armour         | 3 4 |  4.8
Maces & Flails | 1 3 |  3.2

Action                   |  1- 3 |  4- 6 || total
-------------------------+-------+-------++-------
Melee: Hand axe          |    63 |       ||    63
       Headbutt          |     9 |    19 ||    28
       Whip              |    11 |    29 ||    40
       Mace              |       |    32 ||    32
       Flail             |       |    26 ||    26
Invok: Berserk           |     1 |     2 ||     3
  Use: Scroll            |     1 |       ||     1
  Eat: Chunk             |     2 |    14 ||    16
Armor: Animal skin       |     3 |       ||     3
       Ring mail         |    26 |    29 ||    55
Dodge: Dodged            |    46 |    61 ||   107
